 Dungeon Crawl Stone Soup version 0.27-a0-1497-gf8f22f7954 (webtiles) character file.

Game seed: 14439787563421949125

53 Lekart the Skirmisher (level 3, -1/33 HPs)
             Began as a Draconian Chaos Knight on July 7, 2021.
             Was a Plaything of Xom.
             Slain by an orc (5 damage)
             ... on level 3 of the Dungeon.
             The game lasted 00:00:57 (1075 turns).

Lekart the Skirmisher (Draconian Chaos Knight)      Turns: 1075, Time: 00:00:58

Health: -1/33      AC:  5    Str: 14    XL:     3   Next: 64%
Magic:  4/4        EV: 12    Int: 12    God:    Xom [...*..]
Gold:   116        SH:  0    Dex: 11    Spells: 4/4 levels left

rFire    . . .     SeeInvis .   a - +0 falchion (chaos)
rCold    . . .     Faith    .   (no shield)
rNeg     . . .     Spirit   .   (armour unavailable)
rPois    +         Reflect  .   (helmet restricted)
rElec    .         Harm     .   (no cloak)
rCorr    .         Rampage  .   (no gloves)
Will     .....                  (no boots)
Stlth    +.........             (no amulet)
HPRegen  0.11/turn              g - ring of poison resistance
MPRegen  0.09/turn              (no ring)

@: no status effects
A: AC +5, unfitting armour, cold-blooded
a: Renounce Religion


You were on level 3 of the Dungeon.
You worshipped Xom.
You were a favourite toy of Xom.
You visited 1 branch of the dungeon, and saw 4 of its levels.

You collected 116 gold pieces.

Inventory:

Hand Weapons
 a - a +0 falchion of chaos (weapon)
Jewellery
 g - a ring of poison resistance (left hand)
Scrolls
 b - a scroll of teleportation {unknown}
 c - 2 scrolls of immolation {unknown}
 e - 2 scrolls of identify {unknown}
 f - a scroll of vulnerability {unknown}
Potions
 d - a potion of curing {unknown}


   Skills:
 + Level 3.9 Fighting
 + Level 3.6 Long Blades
 + Level 2.5 Dodging
 * Level 1.1 Spellcasting


You had 4 spell levels left.
You didn't know any spells.
Your spell library was empty.

Dungeon Overview and Level Annotations

Branches:
Dungeon (4/15)
 Temple: D:4-7

Altars:


Innate Abilities, Weirdness & Mutations

Your plain brown scales are hard. (AC +5)
You cannot fit into any form of body armour.
You are cold-blooded and may be slowed by cold attacks.


Message History

Your Spellcasting skill increases to level 1!
You have reached level 3!
Your experience leads to an increase in your attributes!
Increase (S)trength, (I)ntelligence, or (D)exterity?
You feel agile.
Your scales feel tougher.
You swap places.
The orc hits your butterfly with a +0 whip.
Your butterfly dies!
You swap places.
The orc misses your butterfly.
The orc hits your butterfly with a +1 hand axe of distortion.
Your butterfly dies!
Xom grants you insight.
You detect creatures!
You are now a favourite toy of Xom.
Xom calls forth mighty explosions.
The fireball engulfs the orc!
The orc dies!
There is a stone staircase leading down here.
You climb downwards.
A phantom comes into view.
There is a stone staircase leading up here.
A phantom is nearby!
You climb upwards.
The orc shouts!
There is a stone staircase leading down here.
You see here 27 bolts.
You hit the orc.
You kill the orc!
The orc throws a boomerang.
The boomerang closely misses you. The orc hits you with a +0 short sword.
* * * LOW HITPOINT WARNING * * *
Things that are here:
a +0 whip; an orc corpse You hit the orc but do no damage.
The orc flickers and vanishes!
Deactivating autopickup; reactivate with Ctrl-A.
Something hits you.
* * * LOW HITPOINT WARNING * * *
Something hits you.
You die...

#.# #.# ####.# #....#
#....# #..[.# ##### #....#
#...#
######....############.#.#
..........(.....@{....>#.#
######....############.#.#
+...................#
#...###..########o###
##### ##.########.#
#.....>.##.# ##......##.#
#......##o# ##.....##)#


There were no monsters in sight!

Vanquished Creatures
  An orc priest (D:3)
  An orc (D:3)
  A ball python (D:1)
  4 bats
  A giant cockroach (D:1)
  2 goblins (D:1)
  5 jackals
  A kobold (D:2)
  2 quokkas
  A frilled lizard (D:2)
  A giant cockroach zombie (D:2)
  A jackal zombie (D:2)
  2 rats
23 creatures vanquished.

Vanquished Creatures (others)
  An orc (D:3)
  3 fungi (D:3)
4 creatures vanquished.

Grand Total: 27 creatures vanquished

Notes
Turn   | Place    | Note
-------+----------+-------------------------------------------
     0 | D:1      | Lekart the Draconian Chaos Knight began the quest for the
                  | Orb.
     0 | D:1      | Reached XP level 1. HP: 19/19 MP: 1/1
   211 | D:1      | XOM: divination: detect items
   302 | D:1      | XOM: silly message
   370 | D:1      | Reached XP level 2. HP: 25/26 MP: 2/2
   500 | D:1      | Found a faded altar of an unknown god.
   957 | D:2      | You fall into a shaft and drop 1 floor!
  1035 | D:3      | XOM: butterfly on damage
  1037 | D:3      | Reached skill level 1 in Spellcasting
  1037 | D:3      | Reached XP level 3. HP: 5/33 MP: 4/4
  1049 | D:3      | XOM: divination: detect creatures
  1055 | D:3      | XOM: destruction
  1058 | D:4      | Noticed a phantom
  1075 | D:3      | Slain by an orc

Illustrated notes

Levels and vault maps discovered:
D:1:      eino_arrival_cavern_c, layout_loops_ring,
          dreamdust_ecumenical_altar_angels_and_demons, feat_on_display
D:2:      layout_loops_ring, serial_undead, serial_undead_b, serial_undead_e,
          serial_undead_f, serial_undead_c
D:3:      layout_basic, uniq_grinder, uniq_crazy_yiuf_cottage
D:4:      layout_basic, minmay_temple_entry_crystal_x,
          minmay_misc_feat_more_columns, minmay_quadrilaterals

Skill      XL: |  1  2 |
---------------+-------+-----
Spellcasting   | 1 |  1.1
Fighting       | |  3.9
Long Blades    | |  3.6
Dodging        | |  2.5

Action                   || total
-------------------------++-------
Melee: Falchion          ||    59
       Tailslap          ||     8
Armor: Skin              ||    23
Dodge: Dodged            ||    38
       Rpst.: Falchion   ||    11

Table legend: (Time is in decaauts)
 A = Elapsed time spent in this place.
 B = Non-inter-level travel time spent in this place.
 C = Inter-level travel time spent in this place.
 D = Time resting spent in this place.
 E = Time spent auto-exploring this place.
 F = Levels seen in this place.
 G = Mean time per level.
                   A        B        C        D        E       F      G
               +--------+--------+--------+--------+--------+-----+--------+
         Total |   1081 |   1054 |     27 |      0 |    895 |   4 |  270.2 |
       Dungeon |   1081 |   1054 |     27 |      0 |    895 |   4 |  270.2 |
               +--------+--------+--------+--------+--------+-----+--------+

Top non-repeatable levels by time:
     D:1: 690 daAuts
     D:2: 273 daAuts
     D:3: 116 daAuts
     D:4: 1 daAuts
